IL
PAWTUCKET RED SOX @ SALT LAKE BEES
04/09/2048
 
TOP OF THE 1ST
Pawtucket Red Sox batting - Pitching for Salt Lake Bees : RHP Bartholomeu Voivodic
Pitching: RHP Bartholomeu Voivodic
Batting: RHB Roberto Morales 0-0: Called Strike
0-1: Foul Ball, location: 2F
0-2: Strikes out swinging, 2-3 out at first.
Batting: RHB Brandon Perris 0-0: Ball
1-0: Ball
2-0: Called Strike
2-1: DOUBLE (Line Drive, 5D, EV 103.1 MPH)
Batting: RHB Jose Diaz 0-0: Called Strike
0-1: DOUBLE (Groundball, 5L, EV 102.5 MPH)
Brandon Perris scores
Batting: LHB Zack Guillen 0-0: Ball
1-0: SINGLE (Groundball, 25, EV 70.0 MPH) (infield hit)
Jose Diaz to third
Batting: RHB Rodolfo Contreras 0-0: Grounds into double play, 4-6-3 (Groundball, 4, EV 81.9 MPH)
Top of the 1st over - 1 run, 3 hits, 0 errors, 1 left on base; Pawtucket 1 - Salt Lake 0
BOTTOM OF THE 1ST
Salt Lake Bees batting - Pitching for Pawtucket Red Sox : RHP Alex Willerton
Pitching: RHP Alex Willerton
Batting: RHB Kian-tat Chen 0-0: Called Strike
0-1: SOLO HOME RUN (Flyball, 78XD, EV 99.4 MPH), Distance : 415 ft
Batting: RHB Ryan Munro 0-0: Foul Ball, location: 2F
0-1: Ball
1-1: Swinging Strike
1-2: Foul Ball, location: 2F
1-2: SINGLE (Flyball, 7LS, EV 100.0 MPH)
Batting: LHB Brett Bugge 0-0: Ball
1-0: Swinging Strike
1-1: Called Strike
1-2: Foul Ball, location: 2F
1-2: Strikes out swinging
Batting: RHB Melvin Gomez 0-0: Ball
1-0: Ball
2-0: Ball
3-0: Foul Ball, location: 2F
3-1: Grounds into double play, 6-4-3 (Groundball, 6M, EV 95.6 MPH)
Bottom of the 1st over - 1 run, 2 hits, 0 errors, 0 left on base; Pawtucket 1 - Salt Lake 1
TOP OF THE 2ND
Pawtucket Red Sox batting - Pitching for Salt Lake Bees : RHP Bartholomeu Voivodic
Batting: LHB Frank Olivo 0-0: Called Strike
0-1: SOLO HOME RUN (Flyball, 9D, EV 95.6 MPH), Distance : 375 ft
Batting: RHB Carlos Nolasco 0-0: Called Strike
0-1: Foul Ball, location: 2F
0-2: Fly out, F9 (Flyball, 9D, EV 90.0 MPH)
Batting: RHB John Chiesa 0-0: Ball
1-0: Ball
2-0: Swinging Strike
2-1: Swinging Strike
2-2: Foul Ball, location: 2F
2-2: Strikes out looking
Batting: RHB Joe Evrard 0-0: Foul Ball, location: 2F
0-1: Called Strike
0-2: Ground out 5-3 (Groundball, 5, EV 107.5 MPH)
Top of the 2nd over - 1 run, 1 hit, 0 errors, 0 left on base; Pawtucket 2 - Salt Lake 1
BOTTOM OF THE 2ND
Salt Lake Bees batting - Pitching for Pawtucket Red Sox : RHP Alex Willerton
Batting: LHB James McCauley 0-0: Ball
1-0: Ball
2-0: Swinging Strike
2-1: Ball
3-1: Foul Ball, location: 2F
3-2: Ground out 4-3 (Groundball, 34, EV 98.8 MPH)
Batting: RHB Jeff Long 0-0: Ball
1-0: Ball
2-0: Foul Ball, location: 2F
2-1: Called Strike
2-2: Ball
3-2: Foul Ball, location: 2F
3-2: Base on Balls
Batting: LHB Jonathon Walton 0-0: Ball
1-0: Foul Ball, location: 2F
1-1: Fly out, F8 (Flyball, 8RS, EV 80.0 MPH)
Batting: RHB Josh Faulconer 0-0: Ball
1-0: Called Strike
1-1: Ball
2-1: Foul Ball, location: 2F
2-2: Ball
3-2: Fly out, F9 (Flyball, 9S, EV 85.0 MPH)
Bottom of the 2nd over - 0 runs, 0 hits, 0 errors, 1 left on base; Pawtucket 2 - Salt Lake 1
TOP OF THE 3RD
Pawtucket Red Sox batting - Pitching for Salt Lake Bees : RHP Bartholomeu Voivodic
Batting: RHB Roberto Morales 0-0: Foul Ball, location: 2F
0-1: Fly out, F8 (Flyball, 78M, EV 85.0 MPH)
Batting: RHB Brandon Perris 0-0: Ball
1-0: Ball
2-0: Called Strike
2-1: Fly out, F8 (Flyball, 8RM, EV 88.1 MPH)
Batting: RHB Jose Diaz 0-0: Called Strike
0-1: SOLO HOME RUN (Flyball, 9LD, EV 95.0 MPH), Distance : 348 ft
Batting: LHB Zack Guillen 0-0: Swinging Strike
0-1: Foul Ball, location: 2F
0-2: SINGLE (Groundball, 34S, EV 73.1 MPH) (infield hit)
Batting: RHB Rodolfo Contreras 0-0: Swinging Strike
0-1: Ball
1-1: Ball
2-1: DOUBLE (Line Drive, 89XD, EV 105.6 MPH)
Zack Guillen to third
Runner from 3rd tries for Home, throw by CF and OUT! 8-4-2
Top of the 3rd over - 1 run, 3 hits, 0 errors, 1 left on base; Pawtucket 3 - Salt Lake 1
BOTTOM OF THE 3RD
Salt Lake Bees batting - Pitching for Pawtucket Red Sox : RHP Alex Willerton
Batting: SHB Butch Brown 0-0: Ball
1-0: Ball
2-0: Ground out 4-3 (Groundball, 4, EV 108.8 MPH)
Batting: RHB Kian-tat Chen 0-0: Ball
1-0: Called Strike
1-1: Fly out, F4 (Line Drive, 4, EV 70.0 MPH)
Batting: RHB Ryan Munro 0-0: Ball
1-0: Ball
2-0: Ball
3-0: Base on Balls
Batting: LHB Brett Bugge 0-0: Swinging Strike
0-1: Ball
1-1: Ball
2-1: SINGLE (Groundball, 6M, EV 100.0 MPH)
Ryan Munro to second
Batting: RHB Melvin Gomez 0-0: Foul Ball, location: 2F
0-1: Ball
1-1: Ball
2-1: Fly out, F8 (Flyball, 89M, EV 85.0 MPH)
Bottom of the 3rd over - 0 runs, 1 hit, 0 errors, 2 left on base; Pawtucket 3 - Salt Lake 1
TOP OF THE 4TH
Pawtucket Red Sox batting - Pitching for Salt Lake Bees : RHP Bartholomeu Voivodic
Batting: LHB Frank Olivo 0-0: Ball
1-0: Foul Ball, location: 2F
1-1: Ball
2-1: Ball
3-1: Base on Balls
Batting: RHB Carlos Nolasco 0-0: Foul Ball, location: 2F
0-1: Called Strike
0-2: Ball
1-2: Strikes out looking
Batting: RHB John Chiesa 0-0: Called Strike
0-1: Foul Ball, location: 2F
0-2: Ball
1-2: Foul Ball, location: 2F
1-2: Strikes out swinging
Batting: RHB Joe Evrard 0-0: Ground out 1-3 (Groundball, P, EV 71.9 MPH)
Top of the 4th over - 0 runs, 0 hits, 0 errors, 1 left on base; Pawtucket 3 - Salt Lake 1
BOTTOM OF THE 4TH
Salt Lake Bees batting - Pitching for Pawtucket Red Sox : RHP Alex Willerton
Batting: LHB James McCauley 0-0: Ball
1-0: Foul Ball, location: 2F
1-1: Fly out, F9 (Line Drive, 9S, EV 90.6 MPH)
Batting: RHB Jeff Long 0-0: Ball
1-0: Foul Ball, location: 2F
1-1: Called Strike
1-2: Fly out, F7 (Flyball, 78M, EV 90.6 MPH)
Batting: LHB Jonathon Walton 0-0: Ball
1-0: Foul Ball, location: 2F
1-1: Foul Ball, location: 2F
1-2: Ball
2-2: Ball
3-2: Base on Balls
Batting: RHB Josh Faulconer 0-0: Ball
1-0: Foul Ball, location: 2F
1-1: Swinging Strike
1-2: Strikes out swinging
Bottom of the 4th over - 0 runs, 0 hits, 0 errors, 1 left on base; Pawtucket 3 - Salt Lake 1
TOP OF THE 5TH
Pawtucket Red Sox batting - Pitching for Salt Lake Bees : RHP Bartholomeu Voivodic
Batting: RHB Roberto Morales 0-0: Ball
1-0: Ball
2-0: SINGLE (Groundball, 4D, EV 108.1 MPH)
Batting: RHB Brandon Perris 0-0: Ball
1-0: Ball
2-0: Ball
3-0: Called Strike
3-1: Called Strike
3-2: Fly out, F8 (Flyball, 8RD, EV 101.9 MPH)
Batting: RHB Jose Diaz 0-0: Ball
1-0: Called Strike
Roberto Morales steals 2nd base
1-1: SINGLE (Groundball, 34D, EV 105.0 MPH)
Roberto Morales to third
Runner from 3rd tries for Home, SAFE, throw by RF to home
Batting: LHB Zack Guillen 0-0: Called Strike
0-1: Called Strike
0-2: Ball
1-2: Ball
2-2: 2-RUN HOME RUN (Line Drive, 7LD, EV 98.8 MPH), Distance : 375 ft
Pitching: RHP Eric Cunningham
Batting: RHB Rodolfo Contreras 0-0: Ball
1-0: Called Strike
1-1: Ball
2-1: Foul Ball, location: 2F
2-2: Foul Ball, location: 2F
2-2: Foul Ball, location: 2F
2-2: Foul Ball, location: 2F
2-2: Foul Ball, location: 2F
2-2: Ground out 6-3 (Groundball, 6, EV 88.8 MPH)
Batting: LHB Frank Olivo 0-0: Ball
1-0: Fly out, F8 (Flyball, 8LM, EV 85.0 MPH)
Top of the 5th over - 3 runs, 3 hits, 0 errors, 0 left on base; Pawtucket 6 - Salt Lake 1
BOTTOM OF THE 5TH
Salt Lake Bees batting - Pitching for Pawtucket Red Sox : RHP Alex Willerton
Batting: SHB Butch Brown 0-0: Called Strike
0-1: Called Strike
0-2: Foul Ball, location: 2F
0-2: Strikes out swinging
Batting: RHB Kian-tat Chen 0-0: Ball
1-0: Foul Ball, location: 2F
1-1: Foul Ball, location: 2F
1-2: Ball
2-2: Foul Ball, location: 2F
2-2: Ball
3-2: Ground out 6-3 (Groundball, 6, EV 85.0 MPH)
Batting: RHB Ryan Munro 0-0: Called Strike
0-1: Swinging Strike
0-2: Ball
1-2: Ground out U3 (Groundball, 34, EV 103.8 MPH)
Bottom of the 5th over - 0 runs, 0 hits, 0 errors, 0 left on base; Pawtucket 6 - Salt Lake 1
TOP OF THE 6TH
Pawtucket Red Sox batting - Pitching for Salt Lake Bees : RHP Eric Cunningham
Batting: RHB Carlos Nolasco 0-0: Ball
1-0: Ball
2-0: Called Strike
2-1: Foul Ball, location: 2F
2-2: Foul Ball, location: 2F
2-2: Foul Ball, location: 2F
2-2: Ball
3-2: Foul Ball, location: 2F
3-2: Foul Ball, location: 2F
3-2: Base on Balls
Batting: RHB John Chiesa 0-0: Ball
1-0: Ball
2-0: Fly out, F9 (Flyball, 9S, EV 82.5 MPH)
Batting: RHB Joe Evrard 0-0: Grounds into double play, 5-4-3 (Groundball, 56S, EV 82.5 MPH)
Top of the 6th over - 0 runs, 0 hits, 0 errors, 0 left on base; Pawtucket 6 - Salt Lake 1
BOTTOM OF THE 6TH
Salt Lake Bees batting - Pitching for Pawtucket Red Sox : RHP Alex Willerton
Batting: LHB Brett Bugge 0-0: Foul Ball, location: 2F
0-1: Swinging Strike
0-2: Ground out U3 (Groundball, 3, EV 102.5 MPH)
Batting: RHB Melvin Gomez 0-0: Ball
1-0: Ball
2-0: Ball
3-0: Called Strike
3-1: Base on Balls
Batting: LHB James McCauley 0-0: Called Strike
Melvin Gomez steals 2nd base (no throw)
0-1: Called Strike
0-2: Ball
1-2: Ball
2-2: Ball
3-2: Foul Ball, location: 2F
3-2: Fly out, F9 (Flyball, 9D, EV 101.2 MPH)
Runner from 2nd tags up, SAFE at 3rd, no throw by RF
Pitching: LHP Eric Del Sordo
Batting: RHB Jeff Long 0-0: Ball
1-0: Foul Ball, location: 2F
1-1: Fly out, F8 (Flyball, 78S, EV 75.0 MPH)
Bottom of the 6th over - 0 runs, 0 hits, 0 errors, 1 left on base; Pawtucket 6 - Salt Lake 1
TOP OF THE 7TH
Pawtucket Red Sox batting - Pitching for Salt Lake Bees : RHP Eric Cunningham
Batting: RHB Roberto Morales 0-0: Ball
1-0: Foul Ball, location: 2F
1-1: Foul Ball, location: 2F
1-2: Foul Ball, location: 2F
1-2: Ball
2-2: Ball
3-2: Foul Ball, location: 2F
3-2: Foul Ball, location: 2F
3-2: Base on Balls
Pitching: LHP Kyle Worford
Batting: RHB Brandon Perris 0-0: Ball
1-0: Ball
2-0: SINGLE (Groundball, 56D, EV 111.9 MPH)
Roberto Morales to second
Batting: RHB Jose Diaz 0-0: Foul Ball, location: 2F
0-1: Ball
1-1: Ball
2-1: Foul Ball, location: 2F
2-2: Foul Ball, location: 2F
2-2: Grounds into double play, 6-4-3 (Groundball, 6, EV 102.5 MPH)
Roberto Morales to third
Batting: LHB Zack Guillen 0-0: Called Strike
0-1: Called Strike
0-2: Ball
1-2: Foul Ball, location: 2F
1-2: Ball
2-2: Foul Ball, location: 2F
2-2: Foul Ball, location: 2F
2-2: Ball
3-2: Fly out, F3 (Popup, 34, EV 67.5 MPH)
Top of the 7th over - 0 runs, 1 hit, 0 errors, 1 left on base; Pawtucket 6 - Salt Lake 1
BOTTOM OF THE 7TH
Salt Lake Bees batting - Pitching for Pawtucket Red Sox : LHP Eric Del Sordo
Batting: LHB Jonathon Walton 0-0: Ball
1-0: Called Strike
1-1: Called Strike
1-2: Ball
2-2: Ground out 4-3 (Groundball, 34D, EV 88.8 MPH)
Batting: RHB Josh Faulconer 0-0: Ball
1-0: Called Strike
1-1: Foul Ball, location: 2F
1-2: Strikes out looking
Batting: SHB Butch Brown 0-0: Called Strike
0-1: Foul Ball, location: 2F
0-2: Foul Ball, location: 2F
0-2: Ball
1-2: Fly out, F8 (Flyball, 8LS, EV 90.6 MPH)
Bottom of the 7th over - 0 runs, 0 hits, 0 errors, 0 left on base; Pawtucket 6 - Salt Lake 1
TOP OF THE 8TH
Pawtucket Red Sox batting - Pitching for Salt Lake Bees : LHP Kyle Worford
Batting: RHB Rodolfo Contreras 0-0: Called Strike
0-1: Swinging Strike
0-2: Strikes out swinging
Batting: LHB Frank Olivo 0-0: Fly out, F5 (Line Drive, 5, EV 75.6 MPH)
Pitching: LHP Steve McClain
Batting: RHB Carlos Nolasco 0-0: Ground out 4-3 (Groundball, 4, EV 75.6 MPH)
Top of the 8th over - 0 runs, 0 hits, 0 errors, 0 left on base; Pawtucket 6 - Salt Lake 1
BOTTOM OF THE 8TH
Salt Lake Bees batting - Pitching for Pawtucket Red Sox : LHP Eric Del Sordo
Batting: RHB Kian-tat Chen 0-0: Ball
1-0: Ball
2-0: Ball
3-0: Called Strike
3-1: Called Strike
3-2: Strikes out swinging
Batting: RHB Ryan Munro 0-0: Foul Ball, location: 2F
0-1: Ball
1-1: Ball
2-1: Foul Ball, location: 2F
2-2: Foul Ball, location: 2F
2-2: Ball
3-2: Base on Balls
Batting: LHB Brett Bugge 0-0: Called Strike
0-1: Grounds into double play, 6-4-3 (Groundball, 6, EV 85.0 MPH)
Bottom of the 8th over - 0 runs, 0 hits, 0 errors, 0 left on base; Pawtucket 6 - Salt Lake 1
TOP OF THE 9TH
Pawtucket Red Sox batting - Pitching for Salt Lake Bees : LHP Steve McClain
Batting: RHB John Chiesa 0-0: Swinging Strike
0-1: Ball
1-1: Ball
2-1: Ball
3-1: Foul Ball, location: 2F
3-2: SOLO HOME RUN (Flyball, 7D, EV 98.8 MPH), Distance : 382 ft
Batting: RHB Joe Evrard 0-0: Ball
1-0: Ball
2-0: Ball
3-0: Base on Balls
Batting: RHB Roberto Morales 0-0: Foul Ball, location: 2F
0-1: Foul Ball, location: 2F
0-2: Ball
1-2: Foul Ball, location: 2F
1-2: Ball
2-2: Foul Ball, location: 2F
2-2: Ground out 4-3 (Groundball, 34, EV 99.4 MPH)
Joe Evrard to second
Batting: RHB Brandon Perris 0-0: Ball
1-0: Swinging Strike
1-1: Foul Ball, location: 2F
1-2: Ball
2-2: Foul Ball, location: 2F
2-2: Strikes out looking
Batting: RHB Jose Diaz 0-0: Ball
1-0: Called Strike
1-1: Ground out 5-3 (Groundball, 5, EV 80.6 MPH)
Top of the 9th over - 1 run, 1 hit, 0 errors, 1 left on base; Pawtucket 7 - Salt Lake 1
BOTTOM OF THE 9TH
Salt Lake Bees batting - Pitching for Pawtucket Red Sox : LHP Eric Del Sordo
Batting: RHB Melvin Gomez 0-0: Called Strike
0-1: Foul Ball, location: 2F
0-2: Ball
1-2: SINGLE (Line Drive, 8RS, EV 102.5 MPH)
Pitching: RHP Steve Capizzi
Batting: LHB James McCauley 0-0: Ball
1-0: Foul Ball, location: 2F
1-1: Foul Ball, location: 2F
1-2: Ball
2-2: Reached on error, E4 (Groundball, 4, EV 82.5 MPH)
Melvin Gomez to second
Batting: RHB Jeff Long 0-0: Called Strike
0-1: Foul Ball, location: 2F
0-2: Foul Ball, location: 2F
0-2: Foul Ball, location: 2F
0-2: Strikes out swinging
Batting: LHB Jonathon Walton 0-0: Called Strike
0-1: Ball
1-1: Called Strike
1-2: Fielders Choice at 2nd, 1-6 (Groundball, 34S, EV 68.1 MPH)
Melvin Gomez to third
Batting: RHB Josh Faulconer 0-0: Ball
1-0: Foul Ball, location: 2F
1-1: Foul Ball, location: 2F
1-2: Ball
2-2: DOUBLE (Flyball, 9LD, EV 113.1 MPH)
Melvin Gomez scores
Jonathon Walton to third
Batting: SHB Butch Brown 0-0: Ball
1-0: Foul Ball, location: 2F
1-1: Foul Ball, location: 2F
1-2: Strikes out looking
Bottom of the 9th over - 1 run, 2 hits, 1 error, 2 left on base; Pawtucket 7 - Salt Lake 2
Tuesday, March 28th , 2023 - OOTP Baseball 23.10 Build 110